cohdb
Replays
Latest Replays
All Replays
Popular Replays
Top Player Replays
Match Explorer
How It Works
Community
CoH3 Stats
Reddit
Sign in to upload your games and track your stats! →
Sign in with Steam
Match 41379226
Unlisted
Match 41379226
Overview
Messages
Build Orders
End
Construct Barracks
Riflemen Squad
Riflemen Squad
Grenade Package
Riflemen Squad
M1 Mortar Team
Air Support Center
Construct Medical Station
Selects Advanced Infantry Battlegroup
Selects Artillery Observers
Selects Convert to Ranger Squad
Convert to Ranger Squad
Ranger Squad
Grasshopper Recon Run
Convert to Ranger Squad
Selects Frontline Medical Station
Frontline Medical Station
Grasshopper Recon Run
P-47 Strafing Run
Construct Motor Pool
Convert to Ranger Squad
Selects Ranger Weapon Training
Grasshopper Recon Run
M8 Greyhound Armored Car
Double Sortie
P-47 Dive Bomb
Grasshopper Recon Run
Engineer Squad
P-47 Strafing Run
Grasshopper Recon Run
P-47 Strafing Run
Selects M2A1 105mm Howitzer Emplacement
Grasshopper Recon Run
Selects Free Fire Drills
M1 Anti-tank Gun Team
M1 Anti-tank Gun Team
Grasshopper Recon Run
P-47 Strafing Run
.30 cal Machine Gun
Grasshopper Recon Run
DuDe
[KO] BLACKBEAR
Exf
Gravey
Alex
橘子先生
sos{china}
MillenniumMirai
0
0
Comments
sign in to comment!
No comments posted yet!